Map: Frozen Temple

Players

blackxored

  • Race: Zerg Zerg
  • League: Diamond

Betelgeuse - Winner!

  • Race: Zerg Zerg
  • League: Platinum

VOD

Have the link to the VOD?

Description

Time

  • Played on: June 30, 2016, 12:48 p.m.
  • Length: 4:57
Show
View Real Time Build Order
Export as new Build Order

blackxored Zerg 

Build Orders: Hatch First 

Get SALT Encoding   

  12  0:02  Drone  
  13  0:09  Drone  
  14  0:18  Overlord  
  14  0:24  Extractor  
  14  0:25  Drone  
  15  0:40  Drone x2  
  17  0:53  Hatchery  
  17  0:57  Drone  
  17  0:59  Drone  
  18  1:11  Extractor  
  18  1:15  Spawning Pool  
  18  1:17  Drone  
  17  1:20  Drone  
  18  1:28  Drone  
  20  1:40  Drone  
  20  1:50  Overlord  
  20  2:02  Spine Crawler  
  20  2:04  Zergling x2  
  20  2:05  Queen x2  
  20  2:06  Zergling x2  
  25  2:12  Zergling x2  
  26  2:19  Drone  
  27  2:30  Metabolic Boost  
  28  2:41  Baneling Nest  
  28  2:42  Drone  
  28  2:45  Hatchery  
  28  2:51  Overlord  
  27  3:10  Drone x6  
  33  3:23  Drone x5  
  33  3:25  Baneling  
  33  3:27  Baneling  
  38  3:28  Baneling  
  38  3:29  Baneling  
  38  3:34  Drone x2  
  40  3:51  Drone x2  
  40  3:54  Overlord  
  40  3:55  Lair  
  42  3:57  Drone x4  
  42  4:00  Zergling x4  
  48  4:06  Spine Crawler  
  48  4:07  Zergling x2  
  47  4:14  Zergling x2  
  47  4:15  Zergling x4  
  48  4:24  Zergling x10  
  48  4:30  Zergling x4  
  37  4:36  Zergling x4  
Show
View Real Time Build Order
Export as new Build Order

Betelgeuse Zerg - Winner!

Build Orders: Hatch First 

Get SALT Encoding   

  12  0:07  Overlord  
  12  0:13  Drone  
  13  0:17  Drone  
  14  0:28  Drone  
  15  0:31  Drone  
  16  0:40  Drone  
  17  0:54  Drone  
  18  1:02  Extractor  
  17  1:05  Hatchery  
  16  1:12  Spawning Pool  
  16  1:15  Drone  
  16  1:18  Drone  
  16  1:23  Drone  
  18  1:34  Overlord  
  18  1:50  Drone  
  19  1:56  Drone  
  20  2:07  Overlord  
  20  2:12  Metabolic Boost  
  20  2:14  Queen  
  22  2:20  Roach Warren  
  21  2:23  Overlord  
  21  2:26  Drone  
  21  2:28  Drone x2  
  24  2:43  Overlord  
  24  3:03  Roach x5  
  34  3:14  Roach  
  36  3:20  Roach  
  36  3:25  Roach  
  40  3:28  Zergling x8  
  40  3:32  Zergling x2  
  45  3:38  Zergling x2  
  46  3:41  Queen  
  46  3:44  Zergling x2  
  49  3:51  Overlord  
  49  3:56  Roach  
  49  3:57  Zergling x2  
  52  4:04  Overlord  
  52  4:08  Queen  
  49  4:17  Zergling x4  
  49  4:18  Zergling x4  
  49  4:19  Zergling x2  
  54  4:27  Zergling x2  
  49  4:34  Zergling x6  
  49  4:35  Zergling x2  
Tags
 
Add a new tag
Caveats
  • Supply blocks, unpowered buildings, or Contaminate may cause inaccurate times.
  • Supply counts are checked every 10 seconds.